AoeStats
← fortificationlover

Black Forest

507941905Analyzed
4v4 RM · 10d ago on Sep 20, 2026· 30m 44s· 8 players
Game mode
Random Map
Map size
Large (8 player)
Population
200
Speed
Normal
Resources
Standard
Victory
Conquest
Starting age
Dark Age
Ending age
Imperial Age
RankedLock teamsTeams togetherTeam positionsShared explorationLock speedFull tech treeHidden civsTurbo modeCheats
Victory
Defeat
🇨🇿 Teutons · Czechia
1556
+14
🇭🇰 Jurchens · Hong Kong SAR China
1527
+15
🇨🇦 Ethiopians · Canada
1517
+15
🇲🇽 Sicilians · Mexico
1503
+16
🇦🇺 Spanish · Australia
1553
-16
🇦🇺 Portuguese · Australia
1530
-16
🇦🇺 Japanese · Australia
1500
-15
1442
-13
survivorsteven
0:50 Loom
14:02 Feudal Age
15:57 Double-Bit Axe
16:55 Horse Collar
22:06 Castle Age
20:58 Scale Barding Armor
22:43 Bloodlines
22:09 Light Cavalry
23:13 Forging
24:25 Bow Saw
27:41 Wheelbarrow
27:03 Gold Mining
27:50 Fortified Wall
30:16 Hand Cart
29:48 Town Watch
30:57 Heavy Plow
Datel
12:15 Feudal Age
16:28 Castle Age
15:27 Double-Bit Axe
15:56 Fishing Lines
17:40 Bow Saw
22:58 Wheelbarrow
27:27 Imperial Age
25:29 Scale Mail Armor
25:28 Stone Mining
25:39 Gillnets
25:38 Horse Collar
26:08 Squires
25:55 Arson
27:28 Chain Mail Armor
27:22 Gold Mining
27:40 Loom
28:44 Plate Mail Armor
28:48 Elite Teutonic Knight
30:07 Conscription
30:52 Forging
fortificationlover
8:10 Loom
12:06 Feudal Age
13:17 Double-Bit Axe
15:47 Castle Age
15:29 Fletching
15:49 Fishing Lines
15:52 Crossbowman
16:36 Bodkin Arrow
16:51 Bow Saw
17:09 Gillnets
20:24 Horse Collar
23:34 Padded Archer Armor
25:22 Gold Mining
25:23 Stone Mining
25:59 Heavy Plow
26:37 Leather Archer Armor
27:07 Ballistics
27:51 Wheelbarrow
32:12 Imperial Age
29:28 Town Watch
30:14 Thumb Ring
30:20 Squires
30:22 Scale Mail Armor
30:32 Forging
31:19 Hand Cart
Yun
0:54 Loom
12:35 Feudal Age
16:12 Fletching
24:03 Castle Age
24:40 Double-Bit Axe
25:40 Bow Saw
29:55 Wheelbarrow
29:06 Town Watch
twitch.tv/TheSeniorSmurf
2:21 Loom
8:37 Loom
9:20 Double-Bit Axe
12:55 Feudal Age
14:15 Loom
15:20 Horse Collar
21:51 Bow Saw
22:36 Fishing Lines
23:14 Gillnets
26:03 Castle Age
24:10 Heavy Plow
24:13 Gold Mining
26:46 Fletching
Uncle Iroh
9:16 Loom
12:39 Feudal Age
13:48 Fishing Lines
16:16 Castle Age
14:05 Double-Bit Axe
17:06 Bow Saw
16:57 Gillnets
18:55 Horse Collar
21:44 Horse Collar
22:33 Heavy Plow
23:13 Wheelbarrow
22:41 Gold Mining
23:23 Stone Mining
24:34 Gold Shaft Mining
24:31 Hand Cart
29:57 Imperial Age
27:55 Gambesons
28:11 Squires
27:57 Arson
28:15 Scale Mail Armor
28:26 Forging
27:50 Man-at-Arms
28:27 Long Swordsman
29:24 Chain Mail Armor
31:02 Iron Casting
29:59 Capped Ram
30:06 Two-Handed Swordsman
31:19 Plate Mail Armor
Saintly
2:49 Loom
11:14 Feudal Age
12:03 Double-Bit Axe
11:58 Horse Collar
21:49 Castle Age
20:42 Fletching
23:58 Bow Saw
23:48 Heavy Plow
27:12 Padded Archer Armor
30:17 Wheelbarrow
29:36 Gold Mining
eimer6174
11:49 Feudal Age
15:27 Castle Age
13:55 Double-Bit Axe
14:07 Fishing Lines
14:27 Town Watch
16:25 Bow Saw
17:03 Gillnets
20:05 Loom
Connection lost

Rejoining the realm…

Still unreachable

The connection could not be restored.

Session expired

The server has moved on; the page needs a fresh start.